Map: Ruins of Seras

Players

PtitDrogo - Winner!

  • Race: Protoss Protoss
  • League: Master

Lambo

  • Race: Zerg Zerg
  • League: Grandmaster

Event: Homestory Cup XII

VOD

Have the link to the VOD?

Description

Time

  • Played on: Dec. 17, 2015, 1:28 p.m.
  • Length: 10:50

All games in this series

Show
View Real Time Build Order
Export as new Build Order

PtitDrogo Protoss - Winner!

Build Orders: Nexus First, Oracle Opening 

Get SALT Encoding   

  12  0:01  Probe (Chrono Boost)  
  13  0:11  Probe (Chrono Boost)  
  14  0:17  Pylon  
  14  0:22  Probe (Chrono Boost)  
  15  0:36  Probe (Chrono Boost)  
  16  0:46  Probe (Chrono Boost)  
  17  1:01  Nexus  
  17  1:03  Probe (Chrono Boost)  
  18  1:12  Gateway  
  18  1:15  Probe (Chrono Boost)  
  19  1:20  Assimilator  
  20  1:25  Probe (Chrono Boost)  
  20  1:30  Assimilator  
  20  1:36  Probe (Chrono Boost)  
  21  1:41  Gateway  
  21  1:46  Probe (Chrono Boost)  
  22  1:57  Probe (Chrono Boost)  
  22  1:59  Cybernetics Core  
  23  2:13  Probe x2 (Chrono Boost)  
  25  2:24  Probe x2 (Chrono Boost)  
  25  2:25  Warp Gate  
  27  2:34  Probe x2 (Chrono Boost)  
  27  2:36  Adept x2 (Chrono Boost)  
  33  2:43  Stargate  
  33  2:46  Probe  
  33  2:48  Probe (Chrono Boost)  
  35  2:54  Pylon  
  35  3:00  Probe (Chrono Boost)  
  38  3:07  Mothership Core (Chrono Boost)  
  39  3:12  Probe (Chrono Boost)  
  39  3:16  Pylon  
  39  3:17  Adept  
  39  3:19  Adept  
  43  3:23  Probe (Chrono Boost)  
  43  3:26  Probe (Chrono Boost)  
  48  3:34  Probe, Oracle (Chrono Boost)  
  48  3:37  Probe  
  50  3:46  Probe  
  51  3:49  Gateway, Probe  
  52  3:58  Probe  
  52  4:01  Probe  
  52  4:02  Assimilator  
  50  4:03  Pylon, Assimilator  
  50  4:04  Adept (Chrono Boost)  
  52  4:10  Probe  
  52  4:14  Probe  
  52  4:15  Pylon  
  54  4:18  Oracle (Chrono Boost)  
  54  4:22  Probe, Pylon  
  58  4:26  Probe  
  58  4:30  Adept  
  61  4:34  Probe  
  62  4:38  Probe  
  62  4:43  Adept  
  63  4:47  Probe (Chrono Boost)  
  63  4:50  Probe (Chrono Boost)  
  62  4:53  Adept  
  62  4:55  Adept  
  62  4:59  Probe (Chrono Boost)  
  67  5:01  Nexus  
  67  5:02  Pylon  
  67  5:04  Probe (Chrono Boost), Pylon  
  68  5:07  Adept  
  68  5:12  Probe (Chrono Boost)  
  71  5:14  Adept  
  71  5:16  Adept  
  71  5:17  Probe (Chrono Boost)  
  76  5:22  Robotics Facility  
  76  5:23  Probe (Chrono Boost)  
  76  5:25  Pylon  
  76  5:28  Probe (Chrono Boost)  
  78  5:30  Sentry  
  78  5:33  Probe (Chrono Boost)  
  81  5:36  Sentry x2  
  81  5:38  Probe (Chrono Boost)  
  86  5:44  Probe (Chrono Boost)  
  86  5:49  Probe (Chrono Boost)  
  88  5:52  Twilight Council  
  88  5:54  Probe (Chrono Boost)  
  86  5:57  Oracle  
  86  5:59  Probe (Chrono Boost)  
  88  6:05  Probe (Chrono Boost)  
  88  6:07  Sentry x3  
  88  6:09  Gateway  
  88  6:10  Probe (Chrono Boost)  
  96  6:15  Probe x2 (Chrono Boost)  
  96  6:20  Probe (Chrono Boost)  
  96  6:21  Observer (Chrono Boost)  
  96  6:23  Forge  
  96  6:24  Probe x2, Pylon  
  96  6:31  Charge (Chrono Boost)  
  96  6:32  Probe  
  93  6:35  Probe  
  93  6:41  Immortal (Chrono Boost)  
  93  6:42  Assimilator  
  93  6:46  Zealot x3  
  100  6:49  Assimilator  
  100  6:53  Void Ray (Chrono Boost)  
  104  6:55  Gateway  
  104  6:57  Gateway  
  104  7:07  Protoss Ground Weapons Level 1  
  104  7:08  Zealot x3  
  110  7:15  Pylon  
  110  7:17  Pylon  
  110  7:20  Photon Cannon  
  110  7:21  Pylon, Warp Prism (Chrono Boost)  
  112  7:28  Zealot x4  
  120  7:31  Pylon  
  120  7:34  Templar Archives  
  120  7:35  Gateway  
  120  7:51  Gateway x2  
  120  7:57  Gateway  
  120  8:03  Probe  
  120  8:04  Pylon  
  119  8:08  Robotics Bay  
  119  8:10  Robotics Facility  
  119  8:11  High Templar x3  
  125  8:15  High Templar  
  125  8:16  Zealot x2  
  131  8:22  Archon  
  131  8:24  Archon  
  131  8:29  Nexus  
  131  8:30  Pylon  
  131  8:32  Pylon  
  131  8:34  Pylon  
  129  8:50  Zealot x7  
  119  9:06  Disruptor (Chrono Boost)  
  119  9:07  Probe x2  
  119  9:08  Photon Cannon  
  123  9:11  Disruptor (Chrono Boost)  
  109  9:18  High Templar  
  109  9:19  Zealot x3, High Templar  
  109  9:20  Zealot x5  
  127  9:25  Archon  
  127  9:26  Assimilator  
  127  9:30  Assimilator  
  127  9:37  Disruptor (Chrono Boost)  
  130  9:42  Zealot x6  
  130  9:43  Zealot x2  
  147  9:46  Disruptor (Chrono Boost)  
  145  10:01  Zealot x2  
  145  10:02  Zealot x2  
  145  10:03  Zealot  
  152  10:08  Disruptor (Chrono Boost)  
  152  10:10  Zealot x3  
  152  10:13  Zealot x2  
  119  10:31  Zealot x8  
Show
View Real Time Build Order
Export as new Build Order

Lambo Zerg 

Build Orders: 3 Hatch before Pool, Lurkers 

Get SALT Encoding   

  12  0:01  Drone  
  13  0:12  Overlord  
  13  0:18  Drone  
  14  0:31  Drone x2  
  16  0:36  Drone  
  17  0:46  Drone  
  18  0:57  Hatchery  
  18  0:59  Drone  
  18  1:06  Drone  
  19  1:24  Hatchery  
  18  1:27  Drone  
  19  1:38  Spawning Pool  
  18  1:40  Extractor  
  18  1:42  Drone  
  18  1:45  Drone  
  19  1:49  Drone  
  21  2:01  Drone  
  21  2:09  Drone  
  21  2:11  Drone  
  23  2:20  Drone  
  23  2:22  Drone  
  25  2:25  Queen  
  25  2:27  Queen  
  25  2:28  Extractor  
  29  2:33  Overlord  
  29  2:38  Queen  
  31  2:46  Metabolic Boost  
  31  2:49  Zergling x2  
  32  2:51  Drone  
  32  2:54  Drone  
  32  2:56  Drone  
  35  3:00  Overlord  
  35  3:03  Drone x2  
  37  3:13  Drone x3  
  37  3:18  Queen  
  42  3:20  Drone x2  
  42  3:23  Overlord  
  42  3:25  Zergling x2  
  45  3:27  Zergling x2  
  45  3:31  Zergling x2  
  47  3:38  Zergling x2  
  47  3:42  Spore Crawler  
  47  3:44  Drone x4  
  49  3:52  Overlord  
  49  3:55  Drone x2  
  49  3:56  Drone x2  
  49  3:59  Overlord  
  52  4:02  Overlord  
  52  4:07  Drone  
  52  4:08  Extractor  
  52  4:12  Drone  
  52  4:13  Drone x3  
  52  4:15  Spore Crawler  
  55  4:17  Drone x3  
  55  4:19  Drone x3  
  55  4:24  Overlord  
  61  4:27  Drone  
  61  4:28  Roach Warren  
  61  4:31  Spore Crawler  
  57  4:39  Drone x3  
  57  4:43  Drone x4  
  59  4:50  Zergling x8  
  59  4:52  Drone x2  
  65  4:53  Drone  
  65  4:56  Extractor  
  65  4:57  Extractor  
  64  5:02  Drone x3, Spore Crawler  
  64  5:05  Drone  
  64  5:06  Lair, Drone  
  68  5:09  Extractor  
  68  5:13  Overlord  
  67  5:16  Drone x2  
  67  5:20  Extractor  
  68  5:21  Drone x3  
  68  5:22  Drone x3  
  74  5:29  Drone x4  
  74  5:31  Roach  
  74  5:33  Roach  
  84  5:35  Roach  
  84  5:41  Roach  
  85  5:47  Roach x2  
  85  6:01  Roach x5  
  93  6:08  Roach x5  
  98  6:16  Hydralisk Den  
  98  6:18  Zergling x4  
  95  6:22  Roach  
  94  6:31  Zergling x2  
  94  6:32  Zergling x4  
  92  6:37  Drone x3  
  94  6:43  Drone  
  94  6:44  Drone x3  
  98  6:47  Lurker Den  
  98  6:50  Pneumatized Carapace  
  98  6:58  Overlord  
  98  7:04  Spore Crawler  
  97  7:14  Drone  
  97  7:15  Overlord x2  
  98  7:18  Drone x3  
  98  7:19  Drone x4  
  98  7:20  Hatchery, Drone x2  
  98  7:21  Overlord  
  106  7:24  Glial Reconstitution  
  106  7:35  Evolution Chamber, Drone  
  106  7:38  Hydralisk x2, Roach x3  
  106  7:43  Overlord  
  116  7:48  Overlord  
  116  7:49  Hydralisk x3  
  122  7:53  Overlord  
  122  7:55  Hydralisk  
  122  7:57  Overlord  
  123  8:09  Hydralisk x3  
  123  8:10  Roach x2  
  123  8:11  Roach x2  
  135  8:16  Drone  
  135  8:17  Baneling Nest  
  135  8:18  Zerg Missile Weapons Level 1  
  135  8:20  Lurker x4  
  135  8:21  Lurker  
  140  8:32  Overlord x2  
  139  8:37  Hydralisk x4  
  139  8:39  Lurker  
  148  8:48  Roach x7  
  151  8:56  Roach x4  
  154  9:03  Hydralisk x2  
  154  9:04  Hydralisk  
  160  9:15  Roach  
  160  9:16  Roach x3  
  165  9:23  Roach x2  
  165  9:24  Overlord  
  169  9:29  Overlord, Extractor  
  168  9:31  Lair  
  168  9:35  Overlord  
  168  9:42  Roach x4  
  168  9:44  Lurker  
  168  9:45  Zergling x2  
  178  9:49  Zergling x2  
  178  9:50  Zergling x2  
  180  9:58  Zergling x2  
  180  9:59  Zergling x14  
  180  10:03  Lurker x2  
  182  10:09  Lurker  
  181  10:16  Zergling x12  
  172  10:24  Roach x2  
Tags
 
Add a new tag
Caveats
  • Supply blocks, unpowered buildings, or Contaminate may cause inaccurate times.
  • Supply counts are checked every 10 seconds.